 Dungeon Crawl Stone Soup version 0.22-a0-567-gff9aefc (webtiles) character file.

232 kae the Chiller (level 6, 0/41 HPs)
             Began as a Merfolk Ice Elementalist on June 29, 2018.
             Slain by an adder (3 damage)
             ... on level 3 of the Dungeon.
             The game lasted 00:04:24 (2945 turns).

kae the Chiller (Merfolk Ice Elementalist)          Turns: 2945, Time: 00:04:25

Health: 0/41       AC:  2    Str:  8 (10) XL:     6   Next: 4%
Magic:  0/11       EV: 13    Int: 15 (16) God:
Gold:   111        SH:  0    Dex: 13 (15) Spells: 6/12 levels left

rFire    . . .     SeeInvis .   (no weapon)
rCold    . . .     Gourm    .   (no shield)
rNeg     . . .     Faith    .   a - +0 robe
rPois    .         Spirit   .   (no helmet)
rElec    .         Reflect  .   (no cloak)
rCorr    .         Harm     .   (no gloves)
MR       .....                  (no boots)
Stlth    ++........             (no amulet)
HPRegen  0.13/turn              g - +2 ring of intelligence (curse)
MPRegen  0.12/turn              (no ring)

@: berserk cooldown, slowed, very slow
A: change form in water, swift swim, stealthy swim
a: no special abilities


You were on level 3 of the Dungeon.
You were hungry.

You visited 1 branch of the dungeon, and saw 3 of its levels.

You collected 111 gold pieces.

Inventory:

Armour
 a - a +0 robe (worn)
Jewellery
 g - a cursed +2 ring of intelligence (left hand)
Scrolls
 d - a scroll of enchant armour {unknown}
 e - 3 scrolls of identify {unknown}
 h - 3 scrolls of remove curse {unknown}
 i - a scroll of enchant weapon {unknown}
 j - a scroll of amnesia {unknown}
 k - a scroll of magic mapping {unknown}
 l - a scroll of fear {unknown}
 n - a scroll of immolation {unknown}
Comestibles
 b - 5 chunks of flesh
 c - 5 rations


   Skills:
 - Level 2.6 Dodging
 - Level 2.1 Stealth
 + Level 3.5 Spellcasting
 - Level 0.7 Conjurations
 * Level 6.2 Ice Magic


You had 6 spell levels left.
You knew the following spells:

 Your Spells              Type           Power        Failure   Level  Hunger
a - Freeze                Ice            ###.         1%          1    None
b - Throw Frost           Conj/Ice       ##....       7%          2    ##.....
c - Ozocubu's Armour      Chrm/Ice       ##......     16%         3    ###....

Your spell library contained the following spells:

 Spells                   Type           Power        Failure   Level  Hunger
 Summon Ice Beast         Ice/Summ       ##......     47%         4    ####...
 Throw Icicle             Conj/Ice       ##......     41%         4    ####...


Dungeon Overview and Level Annotations

Branches:
Dungeon (3/15)

Altars:


Message History

There was something very wrong with that liquid.
You feel weakened.
You feel dopey.
You feel clumsy. The adder bites you but does no damage.
The adder closely misses you.
You barely miss the adder.
The adder is severely wounded.
The adder bites you.
* * * LOW HITPOINT WARNING * * *
The adder barely misses you.
You miss the adder.
The adder is severely wounded.
The adder completely misses you. The adder barely misses you.
Casting: Throw Frost (safe; 7% risk of failure)
Confirm with . or Enter, or press ? or * to list all spells.
Aiming: Freeze (safe; 1% risk of failure)
Press: ? - help, Shift-Dir - straight line, f/p - adder
Aim: an adder (severely wounded)
You freeze the adder.
The adder is almost dead.
The adder bites you.
You die...

.#.#.#.#.#.#.#.#.# .......
..........)......###.......
#.#.#.#.#†#.#.#.#..#.?...S.
.................).†.......
.#.#.#.#.#.#.#.#†#†........
.................)##.(.....
#.#.#.#.#.#.#.#.#.# [......
................S## .......
.# #.#.#.#.#.#.#@###.....>.
.. .......................
#.#.#.#.#.#..##########
........))...#
.#.#.#.#.#..## ...........#
.#.#.#.#..## . .......#
..... ##


You could see an adder.

Vanquished Creatures
  3 orc wizards (D:3)
  5 adders
  2 worms (D:2)
  3 dart slugs
  2 leopard geckos
  11 orcs
  9 bats
  3 giant cockroaches (D:1)
  4 goblins
  9 hobgoblins
  7 jackals
  8 kobolds
  A quokka (D:2)
  5 frilled lizards
  6 rats
78 creatures vanquished.

Notes
Turn   | Place    | Note
-------+----------+-------------------------------------------
     0 | D:1      | kae the Merfolk Ice Elementalist began the quest for the Orb.
     0 | D:1      | Reached XP level 1. HP: 13/13 MP: 3/3
   138 | D:1      | Reached XP level 2. HP: 19/19 MP: 0/5
   638 | D:1      | Reached skill level 4 in Ice Magic
   808 | D:1      | Reached XP level 3. HP: 24/24 MP: 2/6
  1605 | D:2      | Reached XP level 4. HP: 30/30 MP: 3/8
  2021 | D:2      | Reached skill level 5 in Ice Magic
  2549 | D:3      | Reached XP level 5. HP: 33/35 MP: 5/9
  2567 | D:3      | Learned a level 2 spell: Throw Frost
  2571 | D:3      | Learned a level 3 spell: Ozocubu's Armour
  2906 | D:3      | Reached skill level 6 in Ice Magic
  2921 | D:3      | Reached XP level 6. HP: 18/41 MP: 2/11
  2943 | D:3      | HP: 2/41 [adder (3)]
  2945 | D:3      | Slain by an adder

Vault maps used:
D:1:      scummos_arrival_forest, hex_tiny, minmay_misc_feat_doors
D:3:      hangedman_decor_clover_reticule, hex_large

Skill      XL: |  1  2  3  4  5 |
---------------+----------------+-----
Ice Magic      | 4 5 6 |  6.2
Spellcasting   | 3 |  3.5
Dodging        | |  2.6
Stealth        | |  2.1
Conjurations   | |  0.7

Action                   |  1- 3 |  4- 6 || total
-------------------------+-------+-------++-------
Melee: Unarmed           |    36 |    39 ||    75
 Cast: Freeze            |    56 |    75 ||   131
       Throw Frost       |       |     5 ||     5
  Use: Potion            |       |     4 ||     4
       Scroll            |       |     2 ||     2
  Eat: Chunk             |     3 |     4 ||     7
Armor: Robe              |    30 |    12 ||    42
Dodge: Dodged            |    90 |    75 ||   165

Table legend:
 A = Spawn XP
 B = Non-spawn XP
 C = Spawn XP percentage of total XP
 D = Spawn monster count
 E = Non-spawn monster count
 F = Spawn count percentage of total count
 G = Total turns spent on level
                    A         B        C        D         E        F      G
               +---------+---------+-------+---------+---------+-------+---------
         Total |       0 |     332 |   0.0 |       0 |      78 |   0.0 |  2945
               +---------+---------+-------+---------+---------+-------+---------
           D:1 |       0 |      39 |   0.0 |       0 |      21 |   0.0 |  1017
           D:2 |       0 |      80 |   0.0 |       0 |      24 |   0.0 |  1227
           D:3 |       0 |     213 |   0.0 |       0 |      33 |   0.0 |   701
               +---------+---------+-------+---------+---------+-------+---------
